 Dungeon Crawl Stone Soup version 0.30.1-4-g462c640d31 (webtiles) character file.

Game seed: 12085377072058688706

3626 snarfax the Basher (level 10, -1/56 HPs)
             Began as a Gargoyle Fighter on Sept 11, 2023.
             Killed by divine providence
             ... invoked by an orc priest
              (11 damage)
             ... on level 8 of the Dungeon.
             The game lasted 00:34:06 (7046 turns).

snarfax the Basher (Gargoyle Fighter)               Turns: 7046, Time: 00:34:07

Health: -1/56      AC: 18    Str: 28    XL:     10   Next: 11%
Magic:  10/10      EV:  8    Int:  8    God:
Gold:   159        SH: 20    Dex:  9    Spells: 9/9 levels left

rFire   . . .        s - +2 flail (protect)
rCold   . . .        F - +2 tower shield
rNeg    + + .        p - +3 ring mail of Myzxyg {Str+3}
rPois   ∞            (no helmet)
rElec   +            w - +0 cloak
rCorr   .            q - +0 pair of gloves
SInv    .            (no boots)
Will    .....        D - amulet of reflection Stlth
                     y - ring of positive energy
HPRegen 0.29/turn    (no ring)
MPRegen 0.12/turn

%: reflection
@: no status effects
A: sickness immunity, AC +7, negative energy resistance 1, electricity
resistance, torment resistance 1, petrification resistance
a: no special abilities


You were on level 8 of the Dungeon.
You visited 1 branch of the dungeon, and saw 8 of its levels.
You also visited: Ossuary.

You collected 361 gold pieces.
You spent 202 gold pieces at shops.

Inventory:

Hand Weapons
 a - a +2 flail
 s - a +2 flail of protection (weapon)
Missiles
 h - 7 poisoned darts
 i - 3 silver boomerangs
 l - 5 boomerangs (quivered)
Armour
 b - a +0 scale mail
 c - a +0 buckler
 p - the +3 ring mail of Myzxyg (worn) {Str+3}
   (You found it on level 3 of the Dungeon)

   Str:       It affects your strength (+3).
 q - a +0 pair of gloves (worn)
 w - a +0 cloak (worn)
 F - a +2 tower shield (worn)
Jewellery
 g - a ring of wizardry
 k - a +6 ring of intelligence
 m - an amulet of faith
 y - a ring of positive energy (left hand)
 D - an amulet of reflection (around neck)
 E - a ring of ice
Wands
 G - a wand of flame (13)
Scrolls
 e - 4 scrolls of teleportation
 f - 2 scrolls of immolation
 j - 3 scrolls of fog
 o - 2 scrolls of poison
 t - 2 scrolls of enchant weapon
 x - 2 scrolls of fear
 H - a scroll of silence {unknown}
Potions
 d - 3 potions of brilliance
 n - a potion of degeneration
 r - 5 potions of mutation
 u - 2 potions of haste
 v - 2 potions of attraction
 z - 2 potions of curing
 A - a potion of resistance


   Skills:
 - Level 3.2 Fighting
 * Level 12.8 Maces & Flails
 - Level 5.0 Armour
 + Level 6.5 Shields


You had 9 spell levels left.
You didn't know any spells.
Your spell library contained the following spells:

 Spells                   Type           Power      Damage    Failure   Level
 Apportation              Tloc           0%         N/A       93%         1
 Magic Dart               Conj           0%         1d3       93%         1
 Necrotise                Necr           0%         1d4       93%         1
 Summon Small Mammal      Summ           0%         N/A       93%         1
 Call Imp                 Summ           0%         N/A       98%         2
 Scorch                   Fire           0%         2d5       98%         2
 Hailstorm                Conj/Ice       0%         3d3       100%        3
 Mephitic Cloud           Conj/Pois/Air  0%         N/A       100%        3
 Dispel Undead            Necr           0%         3d6       100%        4
 Ice Form                 Ice/Tmut       0%         N/A       100%        4
 Passage of Golubria      Tloc           0%         N/A       100%        4
 Summon Forest            Summ/Tloc      0%         N/A       100%        5
 Death Channel            Necr           0%         N/A       100%        6
 Simulacrum               Ice/Necr       0%         N/A       100%        6
 Cigotuvi's Dreadful Rot  Necr/Pois/Air  Unusable   N/A       N/A         2

Dungeon Overview and Level Annotations

Branches:
Dungeon (8/15)            Ossuary (visited)
 Temple: D:4-7         Lair: D:8-11

Altars:
Hepliaklqana
Vehumet

Shops:
D:3 (   D:5 [   D:7 *

Portals:
Abyss: D:3

Annotations:
D:3 2 transporters, Gatsu's ghost, amateur HOFi
D:4 Grinder
D:7 2 transporters, exclusion: 2 ice statues, SirLogeyBear's ghost, novice HOBe
D:8 Grum


Innate Abilities, Weirdness & Mutations

You are immune to sickness and miasma.
Your stone body is resilient. (AC +7)
You are immune to poison.
You resist negative energy. (rN+)
You are resistant to electric shocks. (rElec)
You are resistant to unholy torment.
You are immune to petrification.


Message History

You are confused.
Grum zaps a wand.
The puff of flame hits you but does no damage.
You start putting on your amulet.
You continue putting on your amulet of reflection. x2
Something hits you but does no damage.
Keep equipping yourself?
Grum zaps a wand.
The puff of flame hits something!
You continue putting on your amulet of reflection.
Something hits you but does no damage.
Grum hits you from afar with a -2 glaive!
You continue putting on your amulet of reflection.
Something hits you but does no damage. Grum hits you but does no damage.
You continue putting on your amulet of reflection.
You feel less confused. Something hits you but does no damage.
Grum hits you from afar with a -2 glaive.
You finish putting on your amulet of reflection.
You feel a shielding aura gather around you.
D - an amulet of reflection (around neck)
Something hits you but does no damage. Something hits you but does no damage.
Grum zaps a wand.
The puff of flame hits something!
Reactivating autopickup.
Grum zaps a wand.
The puff of flame misses you.
Grum zaps a wand.
The puff of flame hits you.
Items here: )))) [ ††.
As you read the scroll of identify, it crumbles to dust.
z - 2 potions of curing The orc priest mumbles some strange prayers to Beogh against you.
Beogh smites you!
There is an open door here.
The orc priest casts a cantrip, but nothing happens.
There is an open door here.
The orc priest mumbles some strange prayers to Beogh against you.
Beogh smites you!
* * * LOW HITPOINT WARNING * * *
The orc priest invokes the aid of Beogh against you.
Beogh smites you!
You die...

##### #. #...# ######.
#...# #......
######...#### #.#####
#...........#####.#####
#.#..........o.......##
#.#.........#####.##.##
#..###...#### #.##.##
##.# #@..# #...... #.#
#<..# ####.## #.# #####
#... #.# ####### #...
#.# #.....# ####... #.#
#.....###...... #.#
#.............. #.###
#.....###...... #...#
#.....# ####...


You could see an orc priest.

Vanquished Creatures
  Joseph (D:7)
  A steam dragon (D:7)
  Menkaure (D:7)
  A water moccasin (D:7)
  2 orc warriors
  A sky beast (D:6)
  3 wolves (D:8)
  2 ogres
  3 centaurs
  A phantom (D:4)
  4 bullfrogs
  3 scorpions
  9 wights (D:7)
  A howler monkey (D:6)
  A vampire bat (D:7)
  2 centaur zombies (Ossuary)
  Crazy Yiuf (D:6)
  A gnoll bouda (D:8)
  4 orc priests (D:6)
  A hound (D:6)
  2 sleepcaps
  6 iguanas
  5 orc wizards
  3 hound zombies (Ossuary)
  3 mummies (Ossuary)
  7 gnolls
  7 adders
  A shadow imp (D:6)
  A white imp (D:6)
  2 ufetubi
  An adder zombie (Ossuary)
  A worm (D:5)
  21 orcs
  4 ball pythons
  5 endoplasms
  2 giant cockroaches
  4 gnoll zombies (Ossuary)
  4 goblins
  7 hobgoblins
  6 kobolds
  8 quokkas
  13 bats
  3 frilled lizards
  5 goblin zombies (Ossuary)
  5 hobgoblin zombies (Ossuary)
  4 jackal zombies (Ossuary)
  5 kobold zombies (Ossuary)
  5 quokka zombies (Ossuary)
  11 rats
  2 rat zombies (Ossuary)
196 creatures vanquished.

Vanquished Creatures (others)
  An orc wizard (D:8)
1 creature vanquished.

Grand Total: 197 creatures vanquished

Notes
Turn   | Place    | Note
-------+----------+-------------------------------------------
     0 | D:1      | snarfax the Gargoyle Fighter began the quest for the Orb.
     0 | D:1      | Reached XP level 1. HP: 14/14 MP: 1/1
   115 | D:1      | Reached XP level 2. HP: 19/19 MP: 2/2
   667 | D:1      | Reached XP level 3. HP: 23/23 MP: 3/3
   920 | D:2      | Reached XP level 4. HP: 28/28 MP: 4/4
   921 | D:2      | Found a radiant altar of Vehumet.
  1073 | D:2      | Reached skill level 3 in Maces & Flails
  1581 | D:3      | Identified the +4 arbalest "Hadaif" {drain, rF++ Int+6}
  1583 | D:3      | Found Wylofry's Weapon Shoppe.
  1605 | D:3      | Identified the +3 ring mail of Myzxyg {Str+3}
  1692 | D:3      | Found a transporter.
  1714 | D:3      | Found a one-way gate to the infinite horrors of the Abyss.
  1714 | D:3      | Noticed Gatsu's ghost (amateur HOFi)
  1728 | D:3      | Found a transporter.
  1741 | D:3      | Noticed a small abomination
  1829 | D:3      | Reached XP level 5. HP: 32/32 MP: 5/5
  1988 | D:3      | Found a hazy altar of Hepliaklqana.
  2222 | D:4      | Noticed an ogre
  2377 | D:4      | Found a radiant altar of Vehumet.
  2402 | D:4      | Got the Disquisition on Disjunct Calefaction
  2488 | D:4      | Noticed a phantom
  2494 | D:4      | Noticed Grinder
  2503 | D:4      | Paralysed by Grinder for 5 turns
  2754 | D:4      | Paralysed by Grinder for 5 turns
  2760 | D:5      | Entered Level 5 of the Dungeon
  2888 | D:5      | HP: 1/32 [orc/+0 flail (8)]
  2896 | D:5      | HP: 1/32 [orc/boomerang (1)]
  3146 | D:5      | Identified the +0 short sword of Bepaisosm {antimagic,
                  | Str+4}
  3236 | D:5      | Reached skill level 4 in Maces & Flails
  3236 | D:5      | Reached XP level 6. HP: 32/37 MP: 6/6
  3420 | D:5      | Found Xemyi's Antique Armour Boutique.
  3490 | D:5      | Reached skill level 5 in Armour
  3490 | D:5      | Reached skill level 5 in Shields
  3676 | D:4      | Reached skill level 5 in Maces & Flails
  3676 | D:4      | Reached XP level 7. HP: 20/41 MP: 7/7
  4128 | D:4      | Reached skill level 6 in Maces & Flails
  4282 | D:6      | Found a runed translucent door.
  4283 | D:6      | Noticed Crazy Yiuf
  4290 | D:6      | Killed Crazy Yiuf
  4328 | D:6      | Reached skill level 7 in Maces & Flails
  4470 | D:6      | Reached XP level 8. HP: 37/46 MP: 8/8
  4555 | D:6      | Reached skill level 8 in Maces & Flails
  5025 | D:6      | Reached skill level 9 in Maces & Flails
  5329 | D:7      | Noticed Joseph
  5365 | D:7      | Found a sand-covered staircase.
  5370 | D:7      | Reached skill level 10 in Maces & Flails
  5374 | Ossuary  | Entered an ossuary
  5517 | Ossuary  | Reached XP level 9. HP: 51/51 MP: 9/9
  5848 | D:7      | Noticed an ice statue
  5937 | D:7      | Reached skill level 11 in Maces & Flails
  6118 | D:7      | Found Tadaast's Fire Supplies.
  6184 | D:5      | Bought a runed tower shield for 202 gold pieces
  6228 | D:7      | Found a transporter.
  6231 | D:7      | Found a transporter.
  6258 | D:7      | Killed Joseph
  6259 | D:7      | Reached skill level 12 in Maces & Flails
  6373 | D:7      | Noticed Menkaure
  6378 | D:7      | Killed Menkaure
  6510 | D:7      | Noticed an ice statue
  6516 | D:7      | Noticed a two-headed ogre
  6524 | D:7      | Noticed a gargoyle
  6550 | D:7      | Noticed SirLogeyBear's ghost (novice HOBe)
  6959 | D:8      | Noticed Grum
  6964 | D:8      | Reached XP level 10. HP: 56/56 MP: 10/10
  7046 | D:8      | Killed from afar by an orc priest

Illustrated notes

Levels and vault maps discovered:
D:1:      minmay_arrival_up_and_down, layout_loops_ring, serial_bayou_pond_c
D:2:      layout_basic, basic_altar
D:3:      layout_basic, nzn_hepliaklqana_mist_gate,
          gammafunk_ghost_abyssal_escape, serial_shops,
          nicolae_shop_bloodbath_and_beyond
D:4:      layout_basic, mainiacjoe_overflow_alcove_4, uniq_grinder
D:5:      layout_cave_pools, serial_shops, nicolae_shop_statue_plus
D:6:      layout_gridville, minmay_temple_entry_from_below_b,
          uniq_crazy_yiuf_cottage
D:7:      layout_basic, lightli_ossuary_entry_decrepit_ruins, nzn_ghost_randoct,
          nicolae_shop_fire_sale [nicolae_sub_dead_trees], roderic_batcave,
          kb_lookout_dungeons_type, uniq_joseph, uniq_menkaure
D:8:      layout_loops_cross, mainiacjoe_overflow_swirl, uniq_grum

Skill      XL: |  1  2  3  4  5  6  7  8  9 |
---------------+----------------------------+-----
Shields        | 4 5 6 |  6.5
Armour         | 4 5 |  5.0
Maces & Flails | 3 4 5 7 10 12 | 12.8
Fighting       | |  3.2

Action                     |  1- 3 |  4- 6 |  7- 9 | 10-12 || total
---------------------------+-------+-------+-------+-------++-------
  Melee: Flail             |   116 |   197 |   391 |    23 ||   727
  Throw: Dart              |       |    27 |    30 |       ||    57
         Boomerang         |       |       |     7 |       ||     7
    Use: Scroll            |     1 |    16 |     4 |     1 ||    22
         Potion            |       |     2 |     1 |     1 ||     4
 Armour: Scale mail        |    57 |    25 |       |       ||    82
         Ring mail         |       |    87 |   199 |    22 ||   308
  Dodge: Dodged            |    69 |   108 |   138 |    15 ||   330
  Block: Buckler           |    35 |    41 |    74 |       ||   150
         Tower shield      |       |       |    37 |    25 ||    62
